 Dungeon Crawl Stone Soup version 0.21.1-1-g345015fe64 (webtiles) character file.

875 Mrkan the Skirmisher (level 7, -3/76 HPs)
             Began as a Troll Monk on May 6, 2018.
             Was a Believer of Yredelemnul.
             Slain by Mrkan's ghost (19 damage)
             ... on level 5 of the Dungeon.
             The game lasted 00:09:55 (3771 turns).

Mrkan the Skirmisher (Troll Monk)                   Turns: 3771, Time: 00:09:56

Health: -3/76      AC:  6    Str: 20    XL:     7   Next: 74%
Magic:  6/6        EV: 10    Int:  6    God:    Yredelemnul [**....]
Gold:   261        SH:  0    Dex: 14    Spells: 6/6 levels left

rFire    . . .     SeeInvis .     - Unarmed
rCold    . . .     Gourm    +   (no shield)
rNeg     . . .     Faith    .   k - +1 robe {MR+}
rPois    .         Spirit   .   (helmet restricted)
rElec    .         Reflect  .   (no cloak)
rCorr    .         Harm     .   (gloves unavailable)
MR       +....                  (boots unavailable)
Stlth    ++........             (no amulet)
HPRegen  0.62/turn              (no ring)
MPRegen  0.10/turn              (no ring)

@: no status effects
A: large, unfitting armour, claws 3, fast metabolism 3, gourmand, regeneration
1, shaggy fur 1, tough skin 2
a: Animate Remains, Recall Undead Slaves, Injury Mirror, Renounce Religion


You were on level 5 of the Dungeon.
You worshipped Yredelemnul.
Yredelemnul was pleased with you.
You were completely stuffed.

You visited 2 branches of the dungeon, and saw 6 of its levels.

You collected 261 gold pieces.

Inventory:

Armour
 a - a +0 robe
 k - a +1 robe of magic resistance (worn)
Jewellery
 i - an uncursed ring of wizardry {unknown}
 j - an uncursed ring of stealth {unknown}
 n - an uncursed amulet of the gourmand {unknown}
 r - an uncursed ring of protection from magic {unknown}
Scrolls
 e - 2 scrolls of remove curse
 l - 2 scrolls of enchant armour {unknown}
 m - 2 scrolls of immolation
 o - 3 scrolls of teleportation
 q - 2 scrolls of amnesia {unknown}
Potions
 c - 2 potions of flight {unknown}
 d - a potion of curing
 f - a potion of cancellation {unknown}
 g - a potion of mutation {unknown}
 h - a potion of resistance {unknown}
 s - a potion of heal wounds {unknown}
Comestibles
 b - 12 rations
 p - 6 chunks of flesh


   Skills:
 * Level 6.4 Fighting
 - Level 2.4 Dodging
 - Level 1.0 Stealth
 - Level 6.0 Unarmed Combat


You had 6 spell levels left.
You didn't know any spells.

Dungeon Overview and Level Annotations

Branches:
Dungeon (5/15)             Temple (1/1) D:4

Altars:
Ashenzari
Cheibriados
Dithmenos
Elyvilon
Fedhas
Gozag
Hepliaklqana
Kikubaaqudgha
Makhleb
Nemelex Xobeh
Okawaru
Qazlal
Ru
Sif Muna
Trog
Uskayaw
Vehumet
Wu Jian
Yredelemnul
Zin
The Shining One

Annotations:
D:5 Mrkan's ghost, novice TrMo


Innate Abilities, Weirdness & Mutations

You are too large for most types of armour.
You have claws for hands.
Your metabolism is lightning-fast.
You like to eat raw meat.
Your natural rate of healing is unusually fast.
You are covered in fur. (AC +1)
You have very tough skin. (AC +2)


Message History

Mrkan's ghost whispers, "There is no future for you."
Mrkan's ghost hits you!!
You mangle Mrkan's ghost!! You claw Mrkan's ghost!
Mrkan's ghost is severely damaged.
Mrkan's ghost hits you!!
* * * LOW HITPOINT WARNING * * *
You scratch Mrkan's ghost.
Mrkan's ghost is severely damaged.
Mrkan's ghost hits you!
* * * LOW HITPOINT WARNING * * *
You feel better. Mrkan's ghost hits you.
* * * LOW HITPOINT WARNING * * *
You scratch Mrkan's ghost. You claw Mrkan's ghost.
Mrkan's ghost is almost destroyed.
Mrkan's ghost hits you but does no damage.
You closely miss Mrkan's ghost.
Mrkan's ghost is almost destroyed.
Mrkan's ghost hits you!!
You die...
Your body rises from the dead as a mindless zombie.

#........# #........
#........# #........
#........# #........
#........####........
#.................####
#....%....###.####...
#................#.#####
#######'#####>..........
#.W@...###.#+#####.#
####<#.# #.......#.#
#.#.###.......#.#
.#.#.........#.#
.#.#.#.#+#...#.#
.#.#.###.#...#.# .# #.#
#.#...#'# ## #.#
#.#...... #.# #.#......


You could see Mrkan's ghost.

Vanquished Creatures
  Menkaure (D:4)
  A crocodile (D:5)
  Blork the orc (D:4)
  A water moccasin zombie (D:4)
  A scorpion (D:4)
  A howler monkey (D:4)
  A crimson imp (D:5)
  An orc priest (D:4)
  3 centaur skeletons (D:4)
  A jelly (D:4)
  An iguana (D:4)
  4 orc wizards
  A worker ant (D:4)
  A hound zombie (D:5)
  An adder (D:4)
  An ooze (D:3)
  2 worms
  5 dart slugs
  5 leopard geckos
  13 orcs
  4 bats
  4 giant cockroaches
  9 goblins
  9 hobgoblins
  5 jackals
  8 kobolds
  2 quokkas
  2 ball pythons (D:4)
  2 frilled lizards
  A leopard gecko skeleton (D:4)
  13 rats
  A plant (Temple)
106 creatures vanquished.

Notes
Turn   | Place    | Note
-------+----------+-------------------------------------------
     0 | D:1      | Mrkan the Troll Monk began the quest for the Orb.
     0 | D:1      | Reached XP level 1. HP: 22/22 MP: 0/0
   168 | D:1      | Reached XP level 2. HP: 28/29 MP: 1/1
   359 | D:1      | Reached XP level 3. HP: 35/36 MP: 2/2
  1447 | D:3      | Reached XP level 4. HP: 44/44 MP: 3/3
  1461 | D:3      | Reached skill level 5 in Unarmed Combat
  2082 | D:4      | Reached XP level 5. HP: 13/50 MP: 4/4
  2378 | D:4      | Noticed Menkaure
  2388 | D:4      | Killed Menkaure
  2388 | D:4      | Reached XP level 6. HP: 6/62 MP: 5/5
  2585 | D:4      | Noticed Blork the orc
  2591 | D:4      | Killed Blork the orc
  2591 | D:4      | Reached skill level 5 in Fighting
  2591 | D:4      | Reached XP level 7. HP: 71/72 MP: 6/6
  2694 | D:4      | Found a staircase to the Ecumenical Temple.
  2709 | Temple   | Entered the Ecumenical Temple
  2833 | Temple   | Became a worshipper of Yredelemnul the Dark
  2833 | Temple   | Reached * piety under Yredelemnul
  2833 | Temple   | Reached ** piety under Yredelemnul
  3573 | D:5      | Entered Level 5 of the Dungeon
  3742 | D:5      | Noticed Mrkan's ghost (novice TrMo)
  3771 | D:5      | Slain by Mrkan's ghost

Skill      XL: |  1  2  3  4  5  6  7 |
---------------+----------------------+-----
Unarmed Combat | 4 5 6 |  6.0
Fighting       | 4 5 6 |  6.4
Dodging        | |  2.4
Stealth        | |  1.0

Action                   |  1- 3 |  4- 6 |  7- 9 || total
-------------------------+-------+-------+-------++-------
Melee: Unarmed           |   119 |   100 |   108 ||   327
       Punch             |     1 |     1 |     6 ||     8
  Use: Scroll            |       |     7 |       ||     7
       Potion            |       |     1 |     1 ||     2
 Stab: Sleeping          |     2 |       |     1 ||     3
  Eat: Chunk             |    19 |    10 |    11 ||    40
Armor: Robe              |    59 |    22 |    21 ||   102
Dodge: Dodged            |    78 |    55 |    49 ||   182
